 Dungeon Crawl Stone Soup version 0.30-a0-779-g7971cf19c3 (webtiles) character file.

Game seed: 11872446703082165940

1285 jasper the Covered (level 8, -1/41 (42) HPs)
             Began as a Deep Elf Conjurer on Feb 17, 2023.
             Slain by a wight
             ... wielding a +2 halberd of freezing
              (3 damage)
             ... on level 5 of the Dungeon.
             The game lasted 00:08:33 (5568 turns).

jasper the Covered (Deep Elf Conjurer)              Turns: 5568, Time: 00:08:34

HP:   -1/41 (42)    AC:  9    Str:  9    XL:     8   Next: 29%
MP:   13/17         EV: 11    Int: 28    God:
Gold: 262           SH:  0    Dex: 13    Spells: 6/16 levels left

rFire   . . .      SeeInvis +    i - +1 long sword
rCold   + . .      Faith    .    (no shield)
rNeg    . . .      Spirit   .    v - +3 ring mail "Meulus" {Str+5 Int+2 Slay+2}
rPois   .          Reflect  .    (no helmet)
rElec   .          Harm     .    (no cloak)
rCorr   .          Rampage  .    (no gloves)
Will    .....                    (no boots)
Stlth   ++                       (no amulet)
HPRegen 0.26/turn                g - ring of see invisible
MPRegen 0.15/turn                x - ring of protection from cold

@: lightly drained
A: no striking features
a: no special abilities


You were on level 5 of the Dungeon.
You visited 1 branch of the dungeon, and saw 5 of its levels.

You collected 262 gold pieces.

Inventory:

Hand Weapons
 i - a +1 long sword (weapon)
 t - a +0 quarterstaff
Missiles
 c - 28 stones
 e - a curare-tipped dart
 r - 4 javelins
 w - a throwing net
Armour
 a - a +0 robe
 v - the +3 ring mail "Meulus" (worn) {Str+5 Int+2 Slay+2}
   (You found it on level 4 of the Dungeon)

   Str:       It affects your strength (+5).
   Int:       It affects your intelligence (+2).
   Slay:      It affects your accuracy & damage with ranged weapons and melee
   (+2).
Magical Staves
 q - a staff of earth
Jewellery
 g - a ring of see invisible (left hand)
 x - a ring of protection from cold (right hand)
Scrolls
 f - 2 scrolls of enchant weapon
 k - 4 scrolls of poison
 u - a scroll of identify
 y - a scroll of torment {unknown}
Potions
 b - a potion of magic
 d - 4 potions of curing
 h - a potion of mutation
 j - a potion of brilliance
 l - a potion of invisibility
 m - 3 potions of might
 n - 2 potions of flight {unknown}
 o - 2 potions of degeneration {unknown}
 p - 2 potions of cancellation {unknown}
 z - a potion of attraction {unknown}


   Skills:
 - Level 0.3 Fighting
 + Level 6.8 Armour
 - Level 4.2 Dodging
 - Level 4.3 Stealth
 - Level 4.7 Spellcasting
 - Level 5.2 Conjurations
 - Level 0.8 Hexes


You had 6 spell levels left.
You knew the following spells:

 Your Spells              Type           Power      Damage    Failure   Level
a - Magic Dart            Conj           100%       1d8       1%          1
b - Searing Ray           Conj           72%        2d7       3%          2
c - Dazzling Flash        Conj/Hex       46%        N/A       14%         3
d - Fulminant Prism       Conj/Hex       11%        3d8       43%         4

Your spell library contained the following spells:

 Spells                   Type           Power      Damage    Failure   Level
 Iskenderun's Mystic Bla  Conj/Tloc      21%        2d6       50%         4


Dungeon Overview and Level Annotations

Branches:
Dungeon (5/15)
 Temple: D:4-7

Altars:
Wu Jian

Annotations:
D:2 1 runed translucent door, Crazy Yiuf


Message History

You now have 1/17 mp.
HP restored.
Magic restored.
Things that are here:
a +0 war axe; a +0 robe
Things that are here:
a +2 dagger; a +0 robe; Health restored: 42; MP restored: 17
Things that are here:
a +3 falchion; a +0 robe Done exploring.
There is a stone staircase leading down here.
You climb downwards.
The wight closely misses you. The wight hits you with a +5 flail!
There is a stone staircase leading up, spattered with blood here.
You take 12 damage, and have 30/42 hp.
MASSIVE DAMAGE!!
There are monsters nearby!
Casting: Searing Ray (safe; 3% risk of failure)
Confirm with . or Enter, or press ? or * to list all spells.
Aiming: Searing Ray (safe; 3% risk of failure)
Press: ? - help, Shift-Dir - straight line, f - wight
Aim: a wight, wielding a +5 flail and wearing a +0 robe (81% to hit)
The searing ray hits the wight.
The wight is lightly damaged. (Press . to maintain the ray.)
The wight hits you with a +5 flail!
You take 8 damage, and have 22/42 hp.
You now have 15/17 mp.
The searing ray hits the wight!
The wight is severely damaged.
The wight hits you with a +5 flail!
You take 7 damage, and have 15/42 hp.
You now have 14/17 mp.
The searing ray hits the wight!
You destroy the wight!
The wight hits you from afar with a +2 halberd of freezing.
* * * LOW HITPOINT WARNING * * *
The wight freezes you.
* * * LOW HITPOINT WARNING * * *
You take 7 damage, and have 8/42 hp.
You now have 13/17 mp.
The wight hits you from afar with a +2 halberd of freezing!
* * * LOW HITPOINT WARNING * * *
You feel drained.
You die...

###### .# ##.#..#..#..#
##............##
######..............#
#..#............#....
#..ยง............#....
##.........z......# ..##
#............)...# ..###
#..........)@....# ##...
##..........[....## #...#####
.................####..##..#
........####.............<...
........# ##................#
...##.###...##.#.#..)......
.##.#...........###..##...##
........z#......###.####....
........###.#.#..#..<##.....


You could see a wight.

Vanquished Creatures
  2 ogres (D:5)
  4 phantoms (D:5)
  A gnoll sergeant (D:5)
  A scorpion (D:5)
  4 wights
  A centaur zombie (D:5)
  An orc priest (D:5)
  A centaur skeleton (D:5)
  A jelly (D:5)
  4 iguanas
  An orc wizard (D:5)
  7 adders
  7 gnolls
  A shadow imp (D:5)
  2 worms (D:2)
  A dart slug (D:1)
  11 orcs
  5 ball pythons
  3 bats
  4 endoplasms
  4 giant cockroaches
  5 goblins
  6 hobgoblins
  8 jackals
  8 quokkas
  4 frilled lizards
  3 kobolds
  5 rats
105 creatures vanquished.

Vanquished Creatures (others)
  6 withered plants (D:5)
6 creatures vanquished.

Grand Total: 111 creatures vanquished

Notes
Turn   | Place    | Note
-------+----------+-------------------------------------------
     0 | D:1      | jasper the Deep Elf Conjurer began the quest for the Orb.
     0 | D:1      | Reached XP level 1. HP: 10/10 MP: 6/6
   251 | D:1      | Reached XP level 2. HP: 14/15 MP: 5/8
   958 | D:1      | Learned a level 2 spell: Searing Ray
  1042 | D:2      | Reached XP level 3. HP: 19/19 MP: 3/10
  1569 | D:2      | Reached XP level 4. HP: 24/24 MP: 7/11
  1574 | D:2      | Learned a level 3 spell: Dazzling Flash
  1720 | D:2      | Learned a level 4 spell: Fulminant Prism
  1737 | D:2      | Reached skill level 5 in Conjurations
  2333 | D:2      | Found a runed translucent door.
  2334 | D:2      | Noticed Crazy Yiuf
  2542 | D:3      | Reached XP level 5. HP: 28/28 MP: 8/13
  3077 | D:3      | Found an ornate altar of the Wu Jian Council.
  4298 | D:4      | Identified the +3 ring mail "Meulus" {Str+5 Int+2 Slay+2}
  4408 | D:5      | Entered Level 5 of the Dungeon
  4409 | D:5      | Noticed an ogre
  4414 | D:5      | Killed an ogre
  4415 | D:5      | Reached skill level 1 in Armour
  4415 | D:5      | Reached XP level 6. HP: 33/33 MP: 8/15
  4417 | D:5      | Reached skill level 2 in Armour
  4614 | D:5      | Reached skill level 3 in Armour
  4774 | D:5      | Reached XP level 7. HP: 37/37 MP: 9/16
  4891 | D:5      | Reached skill level 4 in Armour
  5135 | D:5      | Reached skill level 5 in Armour
  5426 | D:5      | Reached skill level 6 in Armour
  5426 | D:5      | Reached XP level 8. HP: 39/42 MP: 3/17
  5568 | D:5      | HP: 2/42 [wight/+2 halberd of freezing (7)]
  5568 | D:5      | Slain by a wight

Illustrated notes

Levels and vault maps discovered:
D:1:      dpeg_arrival_water_fire, layout_loops_ring
D:2:      layout_rooms, uniq_crazy_yiuf_cottage
D:3:      layout_loops_ring, pdpol_wu_jian_five_deadly_venoms
D:4:      layout_loops_ring, nrook_mini_backslash
D:5:      layout_cave_pools, serial_undead, serial_undead_f, serial_undead_e,
          serial_undead_b, serial_undead_c, serial_undead_b, serial_undead_e

Skill      XL: |  1  2  3  4  5  6  7 |
---------------+----------------------+-----
Dodging        | 3 4 |  4.2
Stealth        | 3 4 |  4.3
Spellcasting   | 4 |  4.7
Conjurations   | 5 |  5.2
Armour         | 1 3 6 |  6.8
Fighting       | |  0.3
Hexes          | |  0.8

Action                     |  1- 3 |  4- 6 |  7- 9 || total
---------------------------+-------+-------+-------++-------
  Melee: Long sword        |       |     4 |     1 ||     5
  Throw: Dart              |       |       |     3 ||     3
   Cast: Magic Dart        |    48 |   132 |    46 ||   226
         Searing Ray       |     1 |     4 |    13 ||    18
    Use: Scroll            |       |    12 |     1 ||    13
 Armour: Robe              |     1 |       |       ||     1
         Ring mail         |       |     7 |    12 ||    19
  Dodge: Dodged            |     4 |    11 |    16 ||    31

Table legend: (Time is in decaauts)
 A = Elapsed time spent in this place.
 B = Non-inter-level travel time spent in this place.
 C = Inter-level travel time spent in this place.
 D = Time resting spent in this place.
 E = Time spent auto-exploring this place.
 F = Levels seen in this place.
 G = Mean time per level.
                   A        B        C        D        E       F      G
               +--------+--------+--------+--------+--------+-----+--------+
         Total |   5569 |   5241 |    328 |    902 |   3742 |   5 | 1113.8 |
       Dungeon |   5569 |   5241 |    328 |    902 |   3742 |   5 | 1113.8 |
               +--------+--------+--------+--------+--------+-----+--------+

Top non-repeatable levels by time:
     D:2: 1334 daAuts
     D:1: 1139 daAuts
     D:4: 1074 daAuts
     D:5: 1039 daAuts
     D:3: 982 daAuts
